AoeStats
← Gkzaim

Arena

510847858Analyzed
2v2 RM · 5h ago on Oct 2, 2026· 57m 24s· 4 players
Game mode
Random Map
Map size
Medium (4 player)
Population
200
Speed
Normal
Resources
Standard
Victory
Conquest
Starting age
Dark Age
Ending age
Imperial Age
RankedLock teamsTeams togetherTeam positionsShared explorationLock speedFull tech treeHidden civsTurbo modeCheats
Victory
Defeat
🇹🇷 Malians · Türkiye
1127
+15
🇹🇷 Italians · Türkiye
1086
+17
🇹🇭 Teutons · Thailand
1112
-16
🇫🇷 Franks · France
1101
-16
Cody
9:46 Feudal Age
15:07 Castle Age
13:19 Double-Bit Axe
13:46 Horse Collar
16:21 Wheelbarrow
16:45 Bow Saw
22:00 Gold Mining
22:13 Heavy Plow
26:05 Stone Mining
28:11 Stone Shaft Mining
31:45 Imperial Age
29:05 Loom
32:53 Bloodlines
32:04 Cavalier
32:56 Forging
32:51 Scale Barding Armor
32:48 Scale Mail Armor
32:09 Capped Ram
32:11 Onager
33:57 Siege Engineers
34:14 Ballistics
35:06 Crop Rotation
36:19 Two-Man Saw
36:09 Iron Casting
35:55 Chain Barding Armor
37:52 Paladin
41:34 Conscription
45:10 Ironclad
46:29 Blast Furnace
46:05 Plate Barding Armor
46:35 Siege Onager
49:15 Town Watch
49:47 Hand Cart
°||° FeeZåNøv [™]
2:29 Loom
11:52 Feudal Age
13:46 Double-Bit Axe
17:00 Castle Age
15:28 Stone Mining
15:28 Gold Mining
18:09 Wheelbarrow
17:58 Bow Saw
24:52 Murder Holes
30:29 Imperial Age
28:31 Scale Barding Armor
28:37 Forging
28:55 Hand Cart
29:51 Chain Barding Armor
30:38 Iron Casting
31:22 Husbandry
30:45 Cavalier
32:24 Gold Shaft Mining
32:28 Plate Barding Armor
31:35 Pikeman
33:44 Blast Furnace
33:12 Scale Mail Armor
34:21 Halberdier
35:01 Squires
36:46 Chain Mail Armor
Gkzaim
12:32 Feudal Age
13:07 Horse Collar
13:47 Gold Mining
13:51 Stone Mining
13:48 Double-Bit Axe
19:23 Castle Age
20:59 Bow Saw
23:48 Wheelbarrow
27:37 Imperial Age
27:16 Fletching
27:26 Padded Archer Armor
28:25 Loom
29:00 Bodkin Arrow
29:21 Leather Archer Armor
29:48 Hand Cart
30:40 Two-Man Saw
29:44 Heavy Plow
30:17 Conscription
30:21 Bracer
31:07 Crop Rotation
31:14 Ballistics
31:54 Chemistry
31:40 Ring Archer Armor
32:09 Squires
31:55 Arson
32:17 Thumb Ring
32:25 Scale Mail Armor
32:36 Forging
32:35 Town Watch
33:22 Town Patrol
33:27 Arrowslits
35:07 Chain Mail Armor
35:28 Iron Casting
36:22 Plate Mail Armor
38:51 Blast Furnace
41:32 Elite Genoese Crossbowman
46:04 Hoardings
seher9203
8:49 Loom
10:51 Feudal Age
11:57 Horse Collar
16:13 Castle Age
15:08 Double-Bit Axe
21:13 Wheelbarrow
21:27 Gold Mining
23:39 Bow Saw
23:54 Heavy Plow
28:10 Imperial Age
27:06 Forging
26:56 Scale Mail Armor
28:40 Iron Casting
28:37 Scale Barding Armor
28:47 Bloodlines
28:51 Heavy Camel Rider
29:35 Husbandry
30:48 Chain Barding Armor
31:06 Elite Gbeto
32:25 Chain Mail Armor
33:16 Conscription
34:10 Farimba
34:58 Plate Barding Armor
35:21 Plate Mail Armor
34:55 Arson
35:11 Squires
38:20 Light Cavalry
41:49 Fletching
45:04 Gold Shaft Mining
44:19 Stone Mining
48:38 Stone Shaft Mining
48:22 Hand Cart
47:52 Town Watch
Connection lost

Rejoining the realm…

Still unreachable

The connection could not be restored.

Session expired

The server has moved on; the page needs a fresh start.